 Dungeon Crawl Stone Soup version 0.28.0-53-g5a82cb258f (webtiles) character file.

Game seed: 16849268058227526348

826 hawla the Arsonist (level 7, 0/25 (28) HPs)
             Began as a Felid Fire Elementalist on May 23, 2022.
             Was a Follower of Vehumet.
             Slain by a gnoll
             ... wielding a +2 halberd of draining
              (1 damage)
             ... in a bailey.
             The game lasted 00:19:50 (9549 turns).

hawla the Arsonist (Felid Fire Elementalist)        Turns: 9549, Time: 00:19:51

HP:   0/25 (28)     AC:  2    Str:  4    XL:     7   Next: 64%
MP:   8/12          EV: 19    Int: 19    God:    Vehumet [*.....]
Gold: 204           SH:  0    Dex: 16    Spells: 0/12 levels left
                                        Lives: 0   Deaths: 2

rFire   . . .      SeeInvis +   (weapon unavailable)
rCold   . . .      Faith    .   (shield unavailable)
rNeg    . . .      Spirit   .   (armour unavailable)
rPois   .          Reflect  .   (helmet unavailable)
rElec   .          Harm     .   (cloak unavailable)
rCorr   .          Rampage  .   (gloves unavailable)
Will    +....                   (boots unavailable)
Stlth   ++........              (no amulet)
HPRegen 0.08/turn               (no ring)
MPRegen 0.13/turn               (no ring)

@: mighty, very slightly contaminated, heavily drained, quick
A: very small, claws 1, fangs 3, see invisible, speed 1, shaggy fur 2, stealthy
paws, no weapons or thrown items, no armour, multi-lived
a: Renounce Religion


You were in a bailey.
You worshipped Vehumet.
Vehumet was aware of your devotion.
You visited 2 branches of the dungeon, and saw 8 of its levels.
You also visited: Bailey.

You collected 204 gold pieces.

Inventory:

Jewellery
 d - a +6 ring of strength
 e - an amulet of guardian spirit
Wands
 a - a wand of digging (6)
 j - a wand of iceblast (2)
 l - a wand of flame (16)
Scrolls
 b - 2 scrolls of silence
 m - a scroll of amnesia
Potions
 c - 3 potions of brilliance
 h - 2 potions of haste
 n - 2 potions of cancellation {unknown}
 p - a potion of lignification {unknown}


   Skills:
 + Level 0.4 Fighting
 + Level 4.4 Dodging
 - Level 3.0 Stealth
 - Level 0.4 Unarmed Combat
 - Level 3.1 Spellcasting
 * Level 5.3 Conjurations
 * Level 0.1 Transmutations
 + Level 9.3 Fire Magic


You couldn't memorise any spells.
You knew the following spells:

 Your Spells              Type           Power      Damage    Failure   Level
a - Foxfire               Conj/Fire      100%       2x1d9     1%          1
b - Scorch                Fire           76%        2d8       1%          2
c - Flame Wave            Conj/Fire      30%        2d8       8%          4
d - Irradiate             Conj/Tmut      6%         3d15      80%         5

Your spell library contained the following spells:

 Spells                   Type           Power      Damage    Failure   Level
 Shock                    Conj/Air       52%        1d6       4%          1
 Conjure Flame            Conj/Fire      30%        6-21      2%          3
 Inner Flame              Hex/Fire       20%        N/A       7%          3
 Dazzling Flash           Conj/Hex       26%        N/A       16%         3
 Sublimation of Blood     Necr           2%         N/A       22%         2
 Iskenderun's Mystic Bla  Conj/Tloc      13%        2d5       45%         4
 Starburst                Conj/Fire      15%        6d6       75%         6
 Petrify                  Tmut/Erth      3%         N/A       83%         4


Dungeon Overview and Level Annotations

Branches:
Dungeon (7/15)             Temple (1/1) D:4          Bailey (1/1)

Altars:
Ashenzari
Cheibriados
Dithmenos
Hepliaklqana
Kikubaaqudgha
Makhleb
Nemelex Xobeh
Okawaru
Sif Muna
Trog
Vehumet
Xom
Yredelemnul
Zin

Annotations:
D:6 apport the book


Innate Abilities, Weirdness & Mutations

You have sharp claws.
You have razor-sharp teeth.
You have supernaturally acute eyesight. (SInv)
You cover ground quickly. (Speed+)
You are covered in thick fur. (AC +2)
Your paws help you pounce on unaware monsters.
You are incapable of wielding weapons or throwing items.
You cannot wear armour.
You gain extra lives every three experience levels.


Message History

Unknown command.
Casting: Scorch (safe; 1% risk of failure)
Confirm with . or Enter, or press ? or * to list all spells.
You conjure some foxfire!
The orc closely misses you.
It was a potion of might.
You feel very mighty all of a sudden.
The foxfire hits the gnoll.
The gnoll is lightly wounded.
The orc misses you. The gnoll closely misses you.
You feel better. The orc completely misses you. The gnoll misses you.
The gnoll hits you from afar with a +1 halberd of draining.
You feel drained. The orc completely misses you. The gnoll misses you.
There is an open door, spattered with blood here.
You barely miss the orc. The gnoll barely misses you. The orc misses you.
The gnoll hits you with a +2 halberd of draining!
You feel drained.
Things that are here:
a +0 halberd; a +0 ring mail You close the door.
An orc opens the door.
The gnoll barely misses you. The gnoll closely misses you.
Okay, then.
You feel better. The orc barely misses you. The gnoll completely misses you.
The gnoll misses you.
It was a potion of magic.
Magic courses through your body.
The orc hits you from afar with a +0 halberd!
* * * LOW HITPOINT WARNING * * *
The gnoll closely misses you. The gnoll barely misses you.
Unknown command.
Casting: Foxfire (safe; 1% risk of failure)
Confirm with . or Enter, or press ? or * to list all spells.
The spell is extremely dangerous to miscast (8% risk of failure)!
Continue anyway?
Casting: Flame Wave (extremely dangerous; 8% risk of failure)
Press: ? - help, Dir - look around, f - activate A wave of flame ripples out! (Press . to intensify the flame waves.)
The orc misses you.
The gnoll hits you from afar with a +2 halberd of draining.
* * * LOW HITPOINT WARNING * * *
You feel drained.
You die...

+# #.#
#### ###
#)###@#
##'##'##+
##.gog.#
#..)..#
.'..∩..+
###.....#
#.....##
'##'##'##
.#
#.###∩#


You could see 2 gnolls and an orc.

Vanquished Creatures
  A water moccasin (D:6)
  An ice beast (D:6)
  A black bear (D:5)
  A centaur (D:4)
  4 ogres
  A phantom (D:3)
  3 bullfrogs (D:6)
  2 scorpions (D:5)
  2 wyvern skeletons (D:6)
  8 killer bees
  A jelly (D:5)
  2 hounds
  A gnoll shaman (D:5)
  A bullfrog skeleton (D:4)
  A centaur skeleton (D:4)
  4 iguanas
  3 orc wizards
  A hound zombie (D:5)
  6 gnolls
  A howler monkey skeleton (D:6)
  7 adders
  A shadow imp (D:5)
  2 white imps (D:5)
  2 ufetubi
  2 worms
  3 dart slugs
  15 orcs
  7 ball pythons
  8 endoplasms
  3 giant cockroaches
  7 goblins
  11 hobgoblins
  A jackal (D:1)
  6 kobolds
  3 quokkas
  4 bats
  A frilled lizard (D:2)
  6 rats
134 creatures vanquished.

Vanquished Creatures (others)
  278 foxfires
278 creatures vanquished.

Grand Total: 412 creatures vanquished

Notes
Turn   | Place    | Note
-------+----------+-------------------------------------------
     0 | D:1      | hawla the Felid Fire Elementalist began the quest for the
                  | Orb.
     0 | D:1      | Reached XP level 1. HP: 7/7 MP: 4/4
   227 | D:1      | Reached XP level 2. HP: 11/11 MP: 1/6
   229 | D:1      | Reached skill level 3 in Fire Magic
   232 | D:1      | Learned a level 2 spell: Scorch
   457 | D:1      | Found a faded altar of an unknown god.
   605 | D:1      | Reached skill level 1 in Conjurations
   884 | D:1      | Reached XP level 3. HP: 14/14 MP: 3/7
  1927 | D:2      | Reached XP level 4. HP: 18/18 MP: 3/9
  2432 | D:3      | Learned a level 4 spell: Flame Wave
  2666 | D:3      | Noticed a phantom
  2674 | D:3      | Killed a phantom
  2675 | D:3      | Reached skill level 4 in Fire Magic
  2675 | D:3      | Reached XP level 5. HP: 15/21 MP: 1/10
  2852 | D:3      | Found a broken altar of Ashenzari.
  2972 | D:3      | Found an iron altar of Okawaru.
  3391 | D:4      | Found a staircase to the Ecumenical Temple.
  3404 | Temple   | Entered the Ecumenical Temple
  3689 | Temple   | Became a worshipper of Vehumet
  3942 | D:4      | Noticed an ogre
  3990 | D:4      | Killed an ogre
  3991 | D:4      | Gained mutation: You are covered in thick fur. (AC +2)
                  | [Felid growth]
  3991 | D:4      | Reached XP level 6. HP: 24/24 MP: 1/11
  4239 | D:4      | Reached skill level 5 in Fire Magic
  4676 | D:4      | Found a shadowy altar of Dithmenos.
  4702 | D:4      | Found a snail-covered altar of Cheibriados.
  4972 | D:5      | Entered Level 5 of the Dungeon
  5057 | D:5      | Reached XP level 7. HP: 15/27 MP: 0/12
  5224 | D:5      | Reached skill level 6 in Fire Magic
  5648 | D:5      | Reached * piety under Vehumet
  5648 | D:5      | Offered knowledge of Shock by Vehumet.
  5922 | D:4      | HP: 1/27 [killer bee (8)]
  6421 | D:5      | Reached skill level 7 in Fire Magic
  6538 | D:5      | Reached XP level 8. HP: 31/31 MP: 5/13
  6758 | D:6      | Found a shimmering blue altar of Sif Muna.
  6944 | D:6      | Mangled by an iguana
  6945 | D:6      | Reached XP level 7. HP: -6/28 MP: 4/12
  6960 | D:6      | Reached skill level 8 in Fire Magic
  7832 | D:6      | HP: 1/28 [ogre/+0 giant club (27)]
  7834 | D:6      | Reached XP level 8. HP: 1/31 MP: 6/13
  8153 | D:6      | Reached skill level 5 in Conjurations
  8290 | D:6      | Noticed a two-headed ogre
  8387 | D:6      | Reached skill level 9 in Fire Magic
  9289 | D:7      | Slain by a killer bee
  9290 | D:7      | Reached XP level 7. HP: 0/28 MP: 2/12
  9293 | D:7      | Found a flagged portal.
  9302 | D:7      | Noticed a wyvern
  9305 | Bailey   | Entered a bailey
  9523 | Bailey   | Learned a level 5 spell: Irradiate
  9549 | Bailey   | HP: 1/26 [gnoll/+2 halberd of draining (5)]
  9549 | Bailey   | Slain by a gnoll

Illustrated notes

Levels and vault maps discovered:
D:1:      evilmike_arrival_rings, layout_basic,
          hellmonk_ecumenical_altar_zigzags, minmay_tromino_v7
D:2:      layout_basic, minmay_tall_x
D:3:      layout_loops_ring, okawaru_metal_pillars_1_2, general_overflow_altar
D:4:      layout_basic, mainiacjoe_overflow_two_lobes, temple_statues,
          chequers_serial_rivers_room_a
D:5:      layout_loops_ring, minmay_manual_mandibuliform
D:6:      layout_basic, led_sif_book, chequers_serial_rivers_room_b
D:7:      layout_basic, nicolae_overflow_hallway_of_the_gods, fedhas_altar_3,
          gammafunk_ghost_grave, enter_bailey_4, uniq_crazy_yiuf_cottage,
          uniq_prince_ribbit1
Temple:   jpeg_temple_island
Bailey:   bailey_polearm_nasty_gnolls, bailey

Skill      XL: |  1  2  3  4  5  6  7  8 |
---------------+-------------------------+-----
Fire Magic     | 3 4 5 8 9 |  9.3
Conjurations   | 1 2 3 4 5 |  5.3
Stealth        | 3 |  3.0
Dodging        | 3 4 |  4.4
Spellcasting   | 3 |  3.1
Fighting       | |  0.4
Unarmed Combat | |  0.4
Transmutations | |  0.1

Action                   |  1- 3 |  4- 6 |  7- 9 || total
-------------------------+-------+-------+-------++-------
Melee: Unarmed           |    17 |    32 |    26 ||    75
       Bite              |     3 |     7 |     7 ||    17
 Cast: Foxfire           |    49 |    30 |    93 ||   172
       Scorch            |     5 |    20 |    43 ||    68
       Flame Wave        |       |     4 |    11 ||    15
  Use: Scroll            |     1 |     9 |     1 ||    11
       Potion            |       |     5 |     7 ||    12
 Stab: Sleeping          |       |     2 |       ||     2
Armor: Skin              |     2 |     3 |     4 ||     9
Dodge: Dodged            |    25 |    67 |   109 ||   201
